 Dungeon Crawl Stone Soup version 0.31-a0-175-g9f7f995f2b (webtiles) character file.

Game seed: 2312129095155543658

359 qw the Chopper (level 6, -2/39 HPs)
             Began as a Gargoyle Fighter on June 17, 2023.
             Was an Initiate of Okawaru.
             Slain by Pikel
             ... wielding a +2 whip of freezing
              (5 damage)
             ... on level 5 of the Dungeon.
             The game lasted 00:01:42 (3846 turns).

qw the Chopper (Gargoyle Fighter)                   Turns: 3846, Time: 00:01:42

Health: -2/39      AC: 15    Str: 21    XL:     6   Next: 65%
Magic:  6/6        EV:  7    Int:  9    God:    Okawaru [......]
Gold:   166        SH:  4    Dex:  9    Spells: 5/5 levels left

rFire   . . .        Y - +0 war axe (flame)
rCold   . . .        c - +0 buckler
rNeg    + + .        i - +0 chain mail
rPois   inf          (no helmet)
rElec   +            (no cloak)
rCorr   +            (no gloves)
SInv    .            l - +1 pair of boots
Will    .....        (no amulet) Stlth
                     e - ring of positive energy
HPRegen 0.26/turn    g - ring of resist corrosion
MPRegen 0.10/turn

%: no passive effects
@: no status effects
A: sickness immunity, AC +4, negative energy resistance 1, electricity
resistance, torment resistance 1, petrification resistance
a: Renounce Religion


You were on level 5 of the Dungeon.
You worshipped Okawaru.
Okawaru was noncommittal.
You visited 2 branches of the dungeon, and saw 6 of its levels.

You collected 166 gold pieces.


Innate Abilities, Weirdness & Mutations

You are immune to sickness and miasma.
Your stone body is resilient. (AC +4)
You are immune to poison.
You resist negative energy. (rN+)
You are resistant to electric shocks. (rElec)
You are resistant to unholy torment.
You are immune to petrification.


   Skills:
 - Level 4.4 Fighting
 + Level 5.7 Axes
 - Level 3.2 Armour
 - Level 3.2 Shields


You had 5 spell levels left.
You didn't know any spells.
Your spell library was empty.

Inventory:

Hand Weapons
 Y - a +0 war axe of flaming (weapon)
Armour
 c - a +0 buckler (worn)
 i - a +0 chain mail (worn)
 l - a +1 pair of boots (worn)
Jewellery
 e - a ring of positive energy (left hand)
 g - a ring of resist corrosion (right hand)
Scrolls
 a - 2 scrolls of identify
 j - a scroll of blinking {unknown}
Potions
 b - a potion of degeneration {unknown}
 d - a potion of might
 f - 3 potions of curing
 h - a potion of haste
 m - a potion of lignification
 o - a potion of enlightenment

Dungeon Overview and Level Annotations

Branches:
Dungeon (5/15)             Temple (1/1) D:4

Altars:
Ashenzari
Cheibriados
Dithmenos
Elyvilon
Fedhas
Gozag
Kikubaaqudgha
Nemelex Xobeh
Okawaru
Qazlal
Ru
Sif Muna
Uskayaw
Xom
Yredelemnul
The Shining One

Shops:
D:3 [

Annotations:
D:5 Pikel


Message History

Pikel freezes you.
A dart slug comes into view.
You closely miss Pikel.
Pikel is lightly wounded.
You hit the lemure but do no damage.
The white imp grins evilly.
The lemure hits you but does no damage. Pikel hits you but does no damage.
The dart slug launches a dart at you. The slug dart misses you.
Pikel zaps a wand.
You resist with some effort. The lemure barely misses you.
You slash Pikel! You burn Pikel.
Pikel is heavily wounded.
You barely miss the lemure. Pikel closely misses you.
The lemure barely misses you. The dart slug launches a dart at you.
The slug dart hits you but does no damage.
You closely miss Pikel.
Pikel is heavily wounded.
You slash the white imp! You burn the white imp.
You kill the white imp!
Okawaru accepts your kill.
You hit the lemure. You burn the lemure. The lemure hits you.
You block Pikel's attack.
You closely miss Pikel.
Pikel is heavily wounded.
You slash the lemure! You burn the lemure. You block the lemure's attack.
Pikel hits you but does no damage.
You hit the lemure. You burn the lemure.
You kill the lemure!
That felt strangely unrewarding.
You hit Pikel. You burn Pikel. Pikel barely misses you.
Pikel says, "You'll freeze in Cocytus!"
You block Pikel's attack.
You hit Pikel. You burn Pikel.
Pikel is severely wounded.
Pikel zaps a wand.
You resist with some effort.
You closely miss Pikel.
Pikel is severely wounded.
Pikel hits you with a +2 whip of freezing.
You die...

5......#.##...#..#
.....#......##..#
#.........#.##.##
##...###.###.....####
##...###..#.#........#
#.......w>....##......
...#....##...........#
#.K..###.##.......#
#.@..# #.........##
#......###..........#
####...#............#
#.......).........
...##....%........
#.#.###..........##
######.....##.#..#
#.....####### ..#
#.#.###


You could see Pikel and a dart slug.

Vanquished Creatures
  4 lemures (D:5)
  Blork the orc (D:5)
  A scorpion (D:4)
  2 howler monkeys (D:5)
  2 iguanas (D:5)
  3 adders (D:2)
  2 white imps (D:5)
  An ufetubus (D:4)
  A dart slug (D:1)
  3 orcs
  7 bats
  5 endoplasms
  A giant cockroach (D:3)
  4 goblins
  6 hobgoblins
  6 jackals
  2 quokkas (D:1)
  6 ball pythons
  2 frilled lizards (D:1)
  9 kobolds
  A rat (D:1)
69 creatures vanquished.

Notes
Turn   | Place    | Note
-------+----------+-------------------------------------------
     0 | D:1      | qw the Gargoyle Fighter began the quest for the Orb.
     0 | D:1      | Reached XP level 1. HP: 14/14 MP: 1/1
     0 | D:1      | 0 ||| qw: Version: 0.3-a-2-g5ab2908
     0 | D:1      | 0 ||| qw: Game counter: 181
     0 | D:1      | 0 ||| qw: Always use a shield: true
     0 | D:1      | 0 ||| qw: God list: Okawaru
     0 | D:1      | 0 ||| qw: Allow faded altars: false
     0 | D:1      | 0 ||| qw: Do Orc after D:15 true
     0 | D:1      | 0 ||| qw: Do second Lair branch before Depths: true
     0 | D:1      | 0 ||| qw: Lair rune preference: random
     0 | D:1      | 0 ||| qw: Plans: Normal, Zot:1-4, Slime:5, God:TSO, Crypt,
                  | Tomb, Abyss, Pan, Hells, Win
     0 | D:1      | 0 ||| PLANNING D:1-11
    88 | D:1      | Reached skill level 2 in Axes
   237 | D:1      | Reached XP level 2. HP: 18/19 MP: 2/2
   307 | D:1      | Found a faded altar of an unknown god.
   324 | D:1      | 324 ||| Stepping ~*~*~tactically~*~*~ (hiding).
   575 | D:1      | 575 ||| Stepping ~*~*~tactically~*~*~ (hiding).
   585 | D:1      | Reached skill level 3 in Axes
   788 | D:1      | 788 ||| UPGRADING to ring of positive energy.
   789 | D:1      | 789 ||| UPGRADING to ring of resist corrosion.
   790 | D:1      | 790 ||| READING scroll labelled VIC WIEBLUSK.
   791 | D:1      | 791 ||| READING scroll labelled PEUNOS NEUW.
   954 | D:2      | Reached XP level 3. HP: 19/23 MP: 3/3
  1333 | D:2      | 1333 ||| Stepping ~*~*~tactically~*~*~ (stealth).
  1406 | D:2      | 1406 ||| DROPPING +0 club.
  1433 | D:2      | Reached XP level 4. HP: 28/28 MP: 4/4
  1550 | D:2      | 1550 ||| UPGRADING to +0 chain mail.
  1560 | D:2      | 1560 ||| DROPPING +0 scale mail.
  1561 | D:2      | 1561 ||| UPGRADING to +1 pair of boots.
  1566 | D:2      | 1566 ||| READING scroll labelled EMOZIE DEUSIBB.
  1675 | D:3      | Reached skill level 4 in Axes
  1834 | D:3      | 1834 ||| Stepping ~*~*~tactically~*~*~ (stealth).
  1931 | D:3      | Found Xoraquic's Antique Armour Shop.
  1939 | D:3      | 1939 ||| SHOPLISTING plate armour (644 gold, have 108).
  1939 | D:3      | 1939 ||| SHOPLISTING shiny buckler (210 gold, have 108).
  1958 | D:3      | 1958 ||| Stepping ~*~*~tactically~*~*~ (hiding).
  1959 | D:3      | 1959 ||| Stepping ~*~*~tactically~*~*~ (hiding).
  1962 | D:3      | 1962 ||| Stepping ~*~*~tactically~*~*~ (hiding).
  2309 | D:3      | 2309 ||| READING scroll labelled UXTUFRUMOA.
  2310 | D:3      | 2310 ||| DRINKING 2 amethyst potions.
  2311 | D:3      | 2311 ||| DRINKING 2 puce potions.
  2364 | D:4      | Found an ancient bone altar of Kikubaaqudgha.
  2723 | D:4      | Noticed a scorpion
  2734 | D:4      | Killed a scorpion
  2735 | D:4      | Reached XP level 5. HP: 32/32 MP: 5/5
  2792 | D:4      | Identified the +4 short sword "Ikasag" {elec, rF+}
  2843 | D:4      | Found a staircase to the Ecumenical Temple.
  2844 | D:4      | 2844 ||| PLANNING TEMPLE
  2844 | D:4      | 2844 ||| READING scroll labelled YFAACS MOHA.
  2848 | D:4      | 2848 ||| READING scroll labelled VETOL QIXT.
  2849 | D:4      | 2849 ||| READING scroll labelled NUEXZIASIG.
  2850 | D:4      | 2850 ||| DROPPING +0 flail.
  2851 | D:4      | 2851 ||| DRINKING 2 brown potions.
  2885 | D:4      | 2885 ||| READING 3 scrolls of identify.
  2885 | D:4      | 2885 ||| IDENTIFYING red potion
  2890 | D:5      | Entered Level 5 of the Dungeon
  2894 | D:5      | 2894 ||| READING scroll labelled UHEGAENLU XITOSCHAXT.
  2998 | D:5      | 2998 ||| Stepping ~*~*~tactically~*~*~ (hiding).
  3005 | D:5      | Reached skill level 5 in Axes
  3108 | D:5      | 3108 ||| FLEEEEING.
  3109 | D:5      | 3109 ||| STAIRDANCE
  3144 | Temple   | Entered the Ecumenical Temple
  3233 | Temple   | 3233 ||| PLANNING OKAWARU WORSHIP
  3338 | Temple   | Became a worshipper of Warmaster Okawaru
  3339 | Temple   | 3339 ||| PLANNING D:1-11
  3606 | D:5      | Noticed Blork the orc
  3609 | D:5      | Reached XP level 6. HP: 39/39 MP: 6/6
  3609 | D:5      | 3609 ||| Stepping ~*~*~tactically~*~*~ (hiding).
  3616 | D:5      | Killed Blork the orc
  3812 | D:5      | 3812 ||| Stepping ~*~*~tactically~*~*~ (stealth).
  3813 | D:5      | 3813 ||| Stepping ~*~*~tactically~*~*~ (stealth).
  3814 | D:5      | 3814 ||| Stepping ~*~*~tactically~*~*~ (stealth).
  3819 | D:5      | 3819 ||| Stepping ~*~*~tactically~*~*~ (stealth).
  3822 | D:5      | Noticed Pikel
  3833 | D:5      | Paralysed by Pikel for 3 turns
  3838 | D:5      | HP: 8/39 [Pikel/+2 whip of freezing (3)]
  3839 | D:5      | HP: 2/39 [Pikel/+2 whip of freezing (5)]
  3846 | D:5      | Slain by Pikel

Levels and vault maps discovered:
D:1:      roderic_octagonal_star, layout_basic,
          shapermc_ecumenical_altar_rom_forum
D:2:      layout_basic, serial_aquarium, aquarium_bridge_straight
          [aquarium_subvault_bridge, aquarium_subvault_balcony,
          aquarium_subvault_bridge, aquarium_subvault_wall],
          aquarium_bridge_square [aquarium_subvault_bridge,
          aquarium_subvault_window, aquarium_subvault_wall,
          aquarium_subvault_bridge], aquarium_window_1,
          aquarium_window_corridor_1, aquarium_view_2e, aquarium_balcony_1a
D:3:      layout_basic, serial_shops, shop
D:4:      layout_basic, lemuel_doored_altar,
          minmay_temple_entry_drinking_statues
D:5:      layout_cave_pools, grunt_temple_overflow_order_and_chaos_2,
          minmay_starry_boxes, uniq_blork_the_orc, uniq_edmund, uniq_pikel
Temple:   bh_familiar_temple

Skill      XL: |  1  2  3  4  5 |
---------------+----------------+-----
Axes           | 2 3 4 5 |  5.7
Fighting       | 4 |  4.4
Armour         | |  3.2
Shields        | |  3.2

Action                     |  1- 3 |  4- 6 || total
---------------------------+-------+-------++-------
  Melee: War axe           |   104 |   158 ||   262
    Use: Scroll            |     2 |     7 ||     9
         Potion            |       |     3 ||     3
 Armour: Scale mail        |    55 |       ||    55
         Chain mail        |       |   125 ||   125
  Dodge: Dodged            |    55 |    67 ||   122
  Block: Buckler           |    21 |    46 ||    67

Table legend:
 A = Non-vault XP
 B = Vault XP
 C = Vault XP percentage of total XP
 D = Non-vault monster count
 E = Vault monster count
 F = Vault count percentage of total count
                 A         B        C        D         E       F
            +---------+---------+-------+---------+---------+-------
      Total |     423 |      90 |  17.5 |      64 |       1 |   1.5
            +---------+---------+-------+---------+---------+-------
        D:1 |      31 |       0 |   0.0 |      17 |       0 |   0.0
        D:2 |      54 |       0 |   0.0 |      11 |       0 |   0.0
        D:3 |      31 |       0 |   0.0 |      16 |       0 |   0.0
        D:4 |     107 |       0 |   0.0 |      14 |       0 |   0.0
        D:5 |     200 |      90 |  31.0 |       6 |       1 |  14.3
            +---------+---------+-------+---------+---------+-------
